 Dungeon Crawl Stone Soup version 0.18-a0-1300-g6e8322c (webtiles) character file.

70646 KarvaRausku the Severer (level 14, -9/148 HPs)
             Began as a Minotaur Gladiator on Feb 12, 2016.
             Was the Champion of Okawaru.
             Mangled by a large abomination (21 damage)
             ... on level 2 of the Abyss on Feb 13, 2016.
             The game lasted 02:35:24 (23994 turns).

KarvaRausku the Severer (Minotaur Gladiator)       Turns: 23994, Time: 02:35:24

Health: -9/148     AC: 24    Str: 30    XL:     14   Next: 94%
Magic:  4/4        EV:  8    Int: 11    God:    Okawaru [******]
Gold:   1141       SH: 18    Dex:  9    Spells: 1 memorised, 11 levels left

rFire  . . .     SeeInvis +     q - +4 broad axe (freeze)
rCold  + . .     Gourm    .     o - +0 plate armour
rNeg   + . .     Faith    .     v - +0 large shield {reflect}
rPois  .         Spirit   .     c - +1 hat
rElec  .         Dismiss  +     M - +1 cloak "Gaemiha" {rC+ MP-9 Str+6 Int+2}
rCorr  .         Reflect  +     L - +0 pair of gloves
SustAt .         Harm     .     m - +0 pair of boots
MR     ++...     Clarity  +     C - amulet "Vaun" {Dismiss rN+ Int+4 Dex-3}
Stlth  ..........               D - ring of protection from magic
                                l - ring of see invisible

@: very resistant to hostile enchantments, extremely unstealthy
A: retaliatory headbutt, horns 2, clarity, robust 1, wild magic 1
a: Heroism, Finesse, Renounce Religion


You were on level 2 of the Abyss.
You worshipped Okawaru.
Okawaru was exalted by your worship.
You were not hungry.

You visited 3 branches of the dungeon, and saw 22 of its levels.
You visited the Abyss 1 time.

You collected 1399 gold pieces.
You spent 103 gold pieces at shops.

Inventory:

Hand Weapons
 q - a +4 broad axe of freezing (weapon)
 x - the +9 quarterstaff "Paaffapa" {freeze, rC+, unknown}
   (You found it on level 2 of the Abyss)

   It has been specially enchanted to freeze those struck by it, causing extra
   injury to most foes and up to half again as much damage against particularly
   susceptible opponents.
   It can also slow down cold-blooded creatures.
   It protects you from cold.
 Y - a +3 battleaxe
Missiles
 d - 2 steel tomahawks (quivered)
 G - 6 poisoned javelins
 I - 10 javelins
 Z - 2 javelins of penetration
Armour
 c - a +1 hat (worn)
 j - a +0 troll leather armour
 m - a +0 pair of boots (worn)
 o - a +0 plate armour (worn)
 s - a +2 cloak
 v - a +0 large shield of reflection (worn)
 L - a +0 pair of gloves (worn)
 M - the +1 cloak "Gaemiha" (worn) {rC+ MP-9 Str+6 Int+2}
   (Okawaru gifted it to you on level 11 of the Dungeon)

   It affects your strength (+6).
   It affects your intelligence (+2).
   It protects you from cold.
   It affects your magic capacity (-9).
Rods
 b - a +0 rod of shadows (13/13)
   (You found it on level 11 of the Dungeon)
 i - a +0 iron rod (9/9)
   (You found it on level 8 of the Lair of Beasts)
Jewellery
 l - a ring of see invisible (left hand)
 u - an uncursed ring of poison resistance {unknown}
 C - the amulet "Vaun" (around neck) {Dismiss rN+ Int+4 Dex-3}
   (You found it on level 13 of the Dungeon)

   [amulet of dismissal]

   It may teleport away creatures that harm you.
   It affects your intelligence (+4).
   It affects your dexterity (-3).
   It protects you from negative energy.
 D - a ring of protection from magic (right hand)
Wands
 h - a wand of disintegration (10/24)
 n - a wand of acid (3/15)
 H - a wand of disintegration (6/24)
 K - a wand of flame (24/48)
 P - a wand of iceblast (0/15)
Scrolls
 a - a scroll of torment {unknown}
 t - a scroll of fog {unknown}
 B - 2 scrolls of enchant weapon
 N - 4 scrolls of recharging
 O - a scroll of summoning
 S - a scroll of vulnerability {unknown}
 T - a scroll of blinking
 U - 5 scrolls of remove curse
 X - 2 scrolls of identify
Potions
 r - 2 potions of haste
 w - 2 potions of might
 z - 4 potions of cancellation
 J - 2 potions of flight
 R - a potion of agility
 V - a potion of resistance
Books
 e - a book of the Sky

   Spells                             Type                      Level
   a - Summon Lightning Spire         Summoning/Air                4
   b - Airstrike                      Air                          4
   c - Silence                        Hexes/Air                    5
   d - Deflect Missiles               Charms/Air                   6
   e - Conjure Ball Lightning         Conjuration/Air              6
   f - Tornado                        Air                          9
Miscellaneous
 k - a plain deck of summoning
Comestibles
 f - 11 bread rations
 g - 3 royal jellies
 p - 10 meat rations
 E - 24 fruits


   Skills:
 + Level 15.5 Fighting
 * Level 17.5 Axes
 - Level 2.0 Throwing
 + Level 16.0 Armour
 - Level 9.4 Dodging
 - Level 8.0 Shields


You had 11 spell levels left.
You knew the following spells:

 Your Spells              Type           Power        Failure   Level  Hunger
a - Cure Poison           Pois           #.........   100%        2    ###....


Dungeon Overview and Level Annotations

Branches:
Dungeon (13/15)            Temple (1/1) D:7            Lair (8/8) D:11
  Swamp (0/4) Lair:4        Snake (0/4) Lair:3        Slime (0/6) Lair:7
    Orc (0/2) D:11         Vaults (0/5) D:13

Altars:
Ashenzari
Cheibriados
Dithmenos
Elyvilon
Fedhas
Gozag
Kikubaaqudgha
Makhleb
Nemelex Xobeh
Okawaru
Pakellas
Qazlal
Ru
Sif Muna
Trog
Vehumet
Xom
Yredelemnul
Zin
The Shining One
Jiyva

Shops:
D:4 [

Portals:
Trove: D:11 (give wand of heal wounds (9))

Annotations:
D:7 WhatIsLove's ghost, novice DsMo
Lair:3 1 exclusion
Lair:7 1 exclusion


Innate Abilities, Weirdness & Mutations

You reflexively headbutt those who attack you in melee.
You have a pair of horns on your head.
You possess an exceptional clarity of mind.
You are robust (+10% HP).
Your spells are a little harder to cast, but a little more powerful.


Message History

Okawaru accepts your kill.
You hit the large abomination. You freeze the large abomination.
You headbutt the large abomination!
The large abomination is moderately damaged.
The large abomination hits you!
* * * LOW HITPOINT WARNING * * *
Your shield and plate armour prevent you from hitting the large abomination.
The large abomination is moderately damaged.
You block the large abomination's attack.
You slice the large abomination!! You freeze the large abomination!
The large abomination is almost destroyed.
You hit the large abomination. You freeze the large abomination.
Your headbutt misses the large abomination.
The large abomination is almost destroyed.
You block the large abomination's attack.
You hit the large abomination but do no damage.
You headbutt the large abomination, but do no damage.
The large abomination is almost destroyed.
The large abomination hits you!!
You die...

... . ... .#
# . ... ..##
### ....
..## ##.#
#.....
#..##.....#
##X....##...
#@#.. .. ...
###... .....
#..).##.
...X##. #
..5 . .
#......?...
#... .. #
#.. ......


You could see a large abomination.

Vanquished Creatures
  A lich (Abyss:2)
  A dire elephant (Lair:8)
  5 vault guards
  Josephine (Lair:3)
  A catoblepas (D:13)
  9 hydras
  A centaur warrior (D:11)
  Erica (D:10)
  A queen ant (Lair:2)
  Urug (D:10)
  5 skeletal warriors
  A spatial maelstrom (Abyss:2)
  3 unseen horrors
  3 hill giants
  2 ugly things (D:11)
  2 griffons (Lair:8)
  A cyclops (D:11)
  A centaur zombie (D:12)
  9 black mambas
  11 elephants
  3 gargoyles
  16 spiny frogs
  8 komodo dragons
  7 trolls
  A two-headed ogre (D:9)
  A small abomination (Abyss:2)
  3 slime creatures (D:12)
  A boulder beetle (Lair:8)
  10 blink frogs
  5 wraiths
  2 wyverns
  38 yaks
  A hungry ghost (D:10)
  3 basilisks
  4 hippogriffs
  A steam dragon (D:10)
  21 wolves
  A large abomination (Abyss:2)
  4 vampire mosquitoes (Lair:4)
  11 soldier ants (Lair:2)
  25 water moccasins
  13 porcupines
  4 black bears
  10 orc warriors
  4 ice beasts
  11 sky beasts
  A wasp (D:10)
  A necrophage (D:12)
  4 centaurs
  9 ogres
  13 crocodiles
  3 big kobolds
  16 giant frogs
  A gnoll sergeant (D:12)
  2 scorpions
  A water moccasin skeleton (D:4)
  14 killer bees
  4 wights
  6 electric eels
  2 crimson imps
  3 quasits
  2 jellies
  7 orc priests
  7 hounds
  2 giant frog skeletons
  An iron imp (D:6)
  A gnoll shaman (D:6)
  5 centaur skeletons
  12 iguanas
  10 orc wizards
  16 worker ants
  17 sheep
  A hound zombie (D:6)
  3 hound skeletons
  2 worker ant zombies
  11 adders
  19 gnolls
  77 river rats
  2 shadow imps
  12 white imps (D:12)
  An ufetubus (Abyss:2)
  2 oozes
  An adder zombie (D:9)
  4 adder skeletons
  A worm (D:4)
  6 giant geckos
  42 orcs
  6 giant cockroaches
  8 goblins
  5 hobgoblins
  11 jackals
  6 quokkas
  A ball python (Lair:3)
  12 bats
  3 giant newts
  2 goblin skeletons (D:6)
  3 goblin zombies (D:6)
  2 hobgoblin zombies (D:6)
  A jackal skeleton (D:6)
  22 kobolds
  3 kobold skeletons (D:6)
  A kobold zombie (D:6)
  A quokka skeleton (D:6)
  13 rats
  5 fungi
  9 plants
726 creatures vanquished.

Vanquished Creatures (collateral kills)
  A worker ant (D:9)
1 creature vanquished.

Vanquished Creatures (others)
  A big kobold (D:12)
  A crimson imp (D:13)
  5 fungi
  3 plants
  8 starspawn tentacles (Abyss:2)
  A starspawn tentacle segment (Abyss:2)
19 creatures vanquished.

Grand Total: 746 creatures vanquished

Notes
Turn   | Place    | Note
--------------------------------------------------------------
     0 | D:1      | KarvaRausku the Minotaur Gladiator began the quest for the Orb.
     0 | D:1      | Reached XP level 1. HP: 18/18 MP: 0/0
    50 | D:1      | Reached skill level 4 in Axes
    50 | D:1      | Reached XP level 2. HP: 23/25 MP: 1/1
   860 | D:2      | Reached XP level 3. HP: 29/31 MP: 2/2
  1382 | D:3      | Reached skill level 1 in Shields
  1464 | D:3      | Reached XP level 4. HP: 29/40 MP: 3/3
  1608 | D:3      | Reached skill level 1 in Armour
  1877 | D:4      | Noticed an ogre
  2255 | D:4      | Reached skill level 5 in Axes
  2258 | D:4      | Reached XP level 5. HP: 17/47 MP: 4/4
  2543 | D:4      | Noticed an ogre
  2587 | D:4      | HP: 1/47 [ogre/giant spiked club (28)]
  2593 | D:4      | Killed an ogre
  2593 | D:4      | Reached skill level 5 in Fighting
  2593 | D:4      | Reached XP level 6. HP: 28/56 MP: 5/5
  2948 | D:4      | Found an iron altar of Okawaru.
  2972 | D:4      | Became a worshipper of Warmaster Okawaru
  2996 | D:4      | Found Qaseiwka's Antique Armour Shop.
  3011 | D:4      | Bought a glowing cloak for 103 gold pieces
  3391 | D:4      | Reached skill level 6 in Fighting
  3420 | D:4      | Reached XP level 7. HP: 54/63 MP: 6/6
  3456 | D:5      | Entered Level 5 of the Dungeon
  3602 | D:5      | Reached * piety under Okawaru
  3625 | D:5      | Reached skill level 7 in Fighting
  3664 | D:5      | Found an opulent altar of Gozag.
  4097 | D:5      | Reached XP level 8. HP: 63/73 MP: 7/7
  4369 | D:6      | Reached skill level 8 in Fighting
  4455 | D:6      | Reached skill level 5 in Shields
  4465 | D:6      | Found a blossoming altar of Fedhas.
  4467 | D:6      | Found a stormy altar of Qazlal.
  4481 | D:6      | Found a glowing golden altar of the Shining One.
  4589 | D:6      | Reached skill level 5 in Armour
  4617 | D:6      | Found a white marble altar of Elyvilon.
  4652 | D:6      | Found a snail-covered altar of Cheibriados.
  5235 | D:7      | Reached ** piety under Okawaru
  5293 | D:7      | Noticed WhatIsLove's ghost (novice DsMo)
  5380 | D:7      | Reached skill level 9 in Fighting
  6065 | D:7      | Reached XP level 9. HP: 84/84 MP: 8/8
  6076 | D:7      | Found a staircase to the Ecumenical Temple.
  6090 | Temple   | Entered the Ecumenical Temple
  6600 | D:8      | Found a deep blue altar of Sif Muna.
  7064 | D:8      | Reached *** piety under Okawaru
  7064 | D:8      | Reached skill level 10 in Fighting
  7187 | D:8      | Found a sparkling altar of Nemelex Xobeh.
  7188 | D:8      | Found an opulent altar of Gozag.
  7276 | D:8      | Gained mutation: You evolve. [potion of beneficial mutation]
  7421 | D:9      | Gained mutation: You are robust (+10% HP). [evolution]
  7423 | D:9      | Reached **** piety under Okawaru
  7659 | D:9      | Noticed a troll
  7673 | D:9      | Killed a troll
  7673 | D:9      | Reached skill level 11 in Fighting
  7831 | D:9      | Reached XP level 10. HP: 101/104 MP: 9/9
  8675 | D:10     | Entered Level 10 of the Dungeon
  8734 | D:10     | Reached ***** piety under Okawaru
  8740 | D:10     | Found a sparkling altar of Nemelex Xobeh.
  8755 | D:10     | Noticed Urug
  9056 | D:10     | Killed Urug
  9056 | D:10     | Received a gift from Okawaru
  9319 | D:10     | Reached skill level 10 in Axes
  9339 | D:10     | Reached skill level 5 in Dodging
  9572 | D:10     | Noticed an unseen horror
  9576 | D:10     | Killed an unseen horror
  9628 | D:10     | Noticed an unseen horror
  9634 | D:10     | Killed an unseen horror
  9634 | D:10     | Reached XP level 11. HP: 103/114 MP: 10/10
  9754 | D:10     | Noticed Erica
  9754 | D:10     | Noticed a hill giant
  9760 | D:10     | Killed a hill giant
  9760 | D:10     | Received a gift from Okawaru
  9760 | D:10     | Reached skill level 10 in Armour
  9781 | D:10     | Killed Erica
  9805 | D:10     | Reached ****** piety under Okawaru
  9843 | D:10     | Reached skill level 12 in Fighting
 10198 | D:11     | Received a gift from Okawaru
 10238 | D:11     | Got a dazzling cloak {god gift}
 10253 | D:10     | Identified the +1 cloak "Gaemiha" {rC+ MP-9 Str+6 Int+2} (Okawaru gifted it to you on level 11 of the Dungeon)
 10306 | D:11     | Gained mutation: You possess an exceptional clarity of mind. [evolution]
 10314 | D:11     | Found a portal to a secret trove of treasure.
 10389 | D:10     | Identified a +0 rod of shadows (13/13) (You found it on level 11 of the Dungeon)
 10546 | D:11     | Noticed a green ugly thing
 10560 | D:11     | Killed a green ugly thing
 10792 | D:11     | Found a staircase to the Orcish Mines.
 10964 | D:11     | Found a staircase to the Lair.
 11006 | D:11     | Noticed a centaur warrior
 11011 | D:11     | Killed a centaur warrior
 11371 | D:11     | Noticed a brown ugly thing
 11378 | D:11     | Killed a brown ugly thing
 11443 | D:11     | Found a bloodstained altar of Trog.
 11478 | D:11     | Got a steaming falchion
 11517 | D:11     | Identified the +8 falchion "Unwerr" {drain, rN+ Int+4 Dex+4} (You found it on level 11 of the Dungeon)
 12009 | D:12     | Noticed an unseen horror
 12016 | D:12     | Killed an unseen horror
 12141 | D:12     | Reached XP level 12. HP: 120/124 MP: 2/11
 12623 | D:12     | Received a gift from Okawaru
 12635 | D:12     | Got a crude animal skin {god gift}
 12733 | D:12     | Reached skill level 13 in Axes
 13140 | D:12     | Identified the +1 animal skin of the Original Sin {rPois} (Okawaru gifted it to you on level 12 of the Dungeon)
 13679 | Lair:1   | Entered Level 1 of the Lair of Beasts
 13685 | Lair:1   | Noticed a four-headed hydra
 13748 | D:13     | Noticed a catoblepas
 13893 | D:13     | Killed a catoblepas
 14165 | D:13     | Hired Doegouti the big kobold for 105 gold.
 14175 | D:13     | Got a twitching jade amulet
 14176 | D:13     | Identified the amulet "Vaun" {Dismiss rN+ Int+4 Dex-3} (You found it on level 13 of the Dungeon)
 14187 | D:13     | Noticed a vault guard
 14189 | D:13     | Noticed a vault guard
 14197 | D:12     | Found an ancient bone altar of Kikubaaqudgha.
 14327 | D:12     | Your ally Doegouti died
 14332 | D:12     | Killed a vault guard
 14350 | D:12     | Killed a vault guard
 14498 | D:13     | Noticed a vault guard
 14512 | D:13     | Noticed a vault guard
 14512 | D:13     | Killed a vault guard
 14512 | D:13     | Reached skill level 14 in Axes
 14526 | D:13     | Killed a vault guard
 14851 | D:13     | Found a blossoming altar of Fedhas.
 14851 | D:13     | Noticed a vault guard
 14859 | D:13     | Killed a vault guard
 14859 | D:13     | Reached XP level 13. HP: 108/134 MP: 3/12
 14947 | D:13     | Found a gate to the Vaults.
 15399 | Lair:1   | Received a gift from Okawaru
 16266 | Lair:2   | Gained mutation: Your spells are a little harder to cast, but a little more powerful. [evolution]
 16266 | Lair:2   | Lost mutation: You evolve. [end of evolution]
 17326 | Lair:3   | Reached skill level 15 in Axes
 17328 | Lair:3   | Found a staircase to the Snake Pit.
 17769 | Lair:3   | Got a smoking quarterstaff
 17838 | Lair:3   | Identified the +6 quarterstaff of the Coward {crush, Dex+6} (You found it on level 3 of the Lair of Beasts)
 18568 | Lair:4   | Noticed Josephine
 18592 | Lair:3   | Killed Josephine
 18819 | Lair:4   | Found a staircase to the Swamp.
 18831 | Lair:4   | Received a gift from Okawaru
 19404 | Lair:4   | Reached XP level 14. HP: 146/146 MP: 4/13
 19688 | Lair:5   | Reached skill level 15 in Armour
 20217 | Lair:6   | Identified a scroll of acquirement
 20268 | Lair:6   | Reached skill level 16 in Axes
 20303 | Lair:6   | Got a jewelled leather armour
 21117 | Lair:7   | Identified the +2 leather armour of Qacsa {*Drain MR+ Str+6 Stlth+} (You found it on level 6 of the Lair of Beasts)
 21133 | Lair:7   | Found a staircase to the Slime Pits.
 21133 | Lair:7   | Found a viscous altar of Jiyva.
 21497 | Lair:7   | Received a gift from Okawaru
 21623 | Lair:8   | Entered Level 8 of the Lair of Beasts
 21657 | Lair:8   | Received a gift from Okawaru
 21666 | Lair:8   | Reached skill level 15 in Fighting
 21899 | Temple   | Learned a level 2 spell: Cure Poison
 22262 | Lair:8   | Reached skill level 17 in Axes
 22269 | Lair:8   | Received a gift from Okawaru
 22892 | Lair:8   | Cast into level 2 of the Abyss (a wizard)
 23058 | Abyss:2  | Noticed a starcursed mass
 23190 | Abyss:2  | Found a corrupted altar of Lugonu.
 23327 | Abyss:2  | Found a corrupted altar of Lugonu.
 23411 | Abyss:2  | Noticed a tentacled starspawn
 23433 | Abyss:2  | Noticed a bone dragon
 23462 | Abyss:2  | Noticed a starcursed mass
 23514 | Abyss:2  | Got an ancient quarterstaff
 23569 | Abyss:2  | Noticed a lich
 23819 | Abyss:2  | Noticed a Shadow Fiend
 23852 | Abyss:2  | Killed a lich
 23852 | Abyss:2  | Received a gift from Okawaru
 23994 | Abyss:2  | Mangled by a large abomination

Vault maps used:
D:1:      dpeg_arrival_rooms_a, st_stairs_14, hex_tiny
D:3:      first_bread
D:4:      okawaru_metal_pillars_1_2, serial_shops, nicolae_shop_stone,
          serial_co_window_serial, co_window_paths_a, co_window_corner_a,
          co_window_corner_a, co_window_paths_a, co_window_paths_a,
          co_window_2corner, co_window_unsneaky_path_b, co_window_broadway_a,
          co_window_paths_d
D:5:      grunt_decor_one_mirror, glass_columns_c, grunt_gozag_breadcrumbs
D:6:      old_standard_altar, grunt_temple_overflow_forces_of_nature,
          nicolae_tso_besieged_by_evil, basic_altar
D:7:      minmay_temple_entry_nine_rooms
D:8:      grunt_temple_overflow_opulence, nicolae_overflow_crystal_walls
D:9:      grunt_ogre_cave
D:10:     nemelex_diamond_rough_becter, uniq_erica, uniq_urug
D:11:     grunt_lair_entry_orc_guard_hut, erik_orc_2, basic_altar, enter_trove_0
D:12:     lemuel_upstairs_altar, portal_ice_cave_entry_imps
D:13:     erik_vaults_2, minivault_22, hangedman_abyss_or_decor_lesser_grid,
          fedhas_altar_fruit_tree
Temple:   triangle_lava_temple_12
Lair:1:   grunt_megastairs_3
Lair:2:   minmay_another_anthill, infiniplex_staircase_pool,
          serial_bayou_shore_b
Lair:3:   minmay_snake_entry_six_corridors, st_stairs_4, bh_autumn_forest_stairs
Lair:4:   minmay_swamp_entry_swarm, nicolae_quartered_pool_little,
          grunt_forest_large_clearings, uniq_josephine
Lair:5:   wad_woods_road_03
Lair:6:   minivault_24
Lair:7:   slime_altar_1, minivault_24, serial_bayou_pond_a
Lair:8:   evil_forest, lemuel_fruit_tree
Abyss:2:  evilmike_abyss_exit_10

Action                   |  1- 3 |  4- 6 |  7- 9 | 10-12 | 13-15 || total
-------------------------+-------+-------+-------+-------+-------++-------
Melee: War axe           |    90 |   104 |   349 |    49 |       ||   592
       Battleaxe         |       |       |       |   518 |   390 ||   908
       Broad axe         |       |       |       |       |   399 ||   399
Throw: Throwing net      |       |       |     1 |     1 |     1 ||     3
       Javelin           |       |       |       |    21 |    10 ||    31
       Tomahawk          |       |       |       |     4 |     4 ||     8
Evoke: Wand              |       |       |       |    12 |    10 ||    22
       Rod               |       |       |       |     1 |       ||     1
       Deck              |       |       |       |     4 |       ||     4
  Use: Scroll            |       |    14 |    11 |     7 |    13 ||    45
       Potion            |       |     2 |     2 |     7 |    11 ||    22
  Eat: Chunk             |     2 |     6 |    14 |    10 |     6 ||    38
       Fruit             |       |       |     1 |     2 |    11 ||    14
       Meat ration       |       |       |       |     2 |     1 ||     3
       Bread ration      |       |       |       |     3 |     1 ||     4
       Beef jerky        |       |       |       |     1 |     1 ||     2
       Pizza             |       |       |       |     1 |     1 ||     2
